AoeStats
← tonytctang

Arena

504949587Analyzed
4v4 RM · 25d ago on Sep 7, 2026· 38m 49s· 8 players
Game mode
Random Map
Map size
Large (8 player)
Population
200
Speed
Normal
Resources
Standard
Victory
Conquest
Starting age
Dark Age
Ending age
Imperial Age
RankedLock teamsTeams togetherTeam positionsShared explorationLock speedFull tech treeHidden civsTurbo modeCheats
Victory
Defeat
🇮🇳 Wu · India
1151
+16
🇭🇰 Spanish · Hong Kong SAR China
1143
+20
🇭🇰 Turks · Hong Kong SAR China
1094
+19
🇭🇰 Saracens · Hong Kong SAR China
1082
+20
🇦🇺 Celts · Australia
1182
-19
🇺🇸 Bengalis · United States
1176
-19
🇺🇾 Hindustanis · Uruguay
1169
-18
🇹🇷 Celts · Türkiye
1102
-16
raw0000
10:48 Feudal Age
9:07 Loom
12:02 Double-Bit Axe
19:32 Castle Age
22:07 Bow Saw
21:43 Horse Collar
22:25 Heavy Plow
30:08 Wheelbarrow
29:18 Town Watch
29:27 Gold Mining
29:36 Stone Mining
31:09 Gold Shaft Mining
31:13 Stone Shaft Mining
30:59 Fletching
31:10 Padded Archer Armor
31:34 Hand Cart
31:52 Ballistics
35:10 Imperial Age
32:47 Bodkin Arrow
33:21 Leather Archer Armor
33:25 Red Cliffs Tactics
34:10 Squires
33:30 Pikeman
33:56 Arson
34:24 Forging
34:15 Scale Mail Armor
36:14 Iron Casting
36:29 Conscription
37:53 Chain Mail Armor
38:38 Blast Furnace
37:40 Bracer
CNZS_QiangGE
10:54 Feudal Age
15:16 Castle Age
14:10 Double-Bit Axe
16:17 Bow Saw
16:16 Horse Collar
17:31 Loom
18:49 Wheelbarrow
18:40 Heavy Plow
25:03 Town Watch
26:34 Hand Cart
29:35 Imperial Age
28:37 Ballistics
29:05 Stone Mining
29:06 Gold Mining
29:46 Town Patrol
31:31 Chemistry
32:29 Two-Man Saw
31:31 Padded Archer Armor
33:09 Stone Shaft Mining
33:30 Elite Conquistador
35:38 Conscription
36:58 Bloodlines
36:49 Husbandry
38:41 Leather Archer Armor
kit7292001
10:48 Feudal Age
10:16 Loom
16:06 Castle Age
14:26 Double-Bit Axe
14:31 Horse Collar
23:21 Imperial Age
tonytctang
10:36 Feudal Age
9:37 Loom
11:28 Double-Bit Axe
11:34 Horse Collar
14:57 Stone Mining
15:11 Gold Mining
17:59 Castle Age
19:35 Bow Saw
19:27 Heavy Plow
22:33 Forging
22:29 Scale Barding Armor
26:02 Wheelbarrow
25:13 Town Watch
27:39 Hand Cart
29:51 Gold Shaft Mining
29:49 Bloodlines
29:40 Husbandry
32:24 Light Cavalry
36:33 Imperial Age
34:55 Iron Casting
37:00 Hussar
38:25 Conscription
39:36 Two-Man Saw
el manuck
5:44 Loom
8:40 Feudal Age
9:13 Double-Bit Axe
9:09 Horse Collar
15:34 Man-at-Arms
23:50 Castle Age
22:14 Gold Mining
22:34 Fletching
24:50 Bow Saw
24:40 Heavy Plow
27:57 Wheelbarrow
35:04 Imperial Age
33:14 Bodkin Arrow
33:19 Padded Archer Armor
34:52 Leather Archer Armor
35:14 Elite Elephant Archer
35:56 Bracer
36:03 Paiks
37:25 Chemistry
36:46 Ballistics
39:05 Ring Archer Armor
SexyDaddy
9:54 Feudal Age
10:49 Feudal Age
12:28 Loom
16:17 Castle Age
14:47 Double-Bit Axe
17:24 Horse Collar
20:38 Town Watch
26:53 Scale Mail Armor
31:29 Chain Mail Armor
31:09 Gold Mining
33:12 Forging
Chicle
11:16 Feudal Age
14:58 Castle Age
12:57 Horse Collar
13:07 Double-Bit Axe
15:35 Scale Barding Armor
16:39 Chain Barding Armor
21:53 Wheelbarrow
26:35 Loom
29:55 Imperial Age
28:44 Gold Mining
29:23 Padded Archer Armor
29:58 Bow Saw
29:55 Elite Skirmisher
31:45 Chemistry
30:39 Stone Mining
31:27 Gold Shaft Mining
31:02 Heavy Plow
31:21 Town Watch
32:49 Two-Man Saw
32:43 Leather Archer Armor
34:07 Ring Archer Armor
34:43 Fletching
35:51 Bodkin Arrow
36:36 Bracer
38:29 Thumb Ring
The Jabberwocky
11:33 Feudal Age
15:08 Castle Age
13:00 Double-Bit Axe
16:01 Horse Collar
19:11 Wheelbarrow
18:23 Loom
20:04 Bow Saw
22:30 Heavy Plow
25:14 Pikeman
27:29 Hand Cart
30:17 Imperial Age
28:45 Masonry
28:15 Treadmill Crane
28:28 Arson
30:55 Gold Mining
31:30 Furor Celtica
30:45 Heavy Scorpion
32:48 Siege Engineers
35:15 Chemistry
34:12 Fletching
35:56 Conscription
35:27 Stronghold
36:50 Scale Mail Armor
Connection lost

Rejoining the realm…

Still unreachable

The connection could not be restored.

Session expired

The server has moved on; the page needs a fresh start.